 Dungeon Crawl Stone Soup version 0.16.1-12-gf5c4a84 (webtiles) character file.

65 eimernase the Caller (level 4, -6/30 HPs)
             Began as a Merfolk Summoner on Apr 9, 2015.
             Killed from afar by an orc wizard (8 damage)
             ... with a puff of frost
             ... on level 3 of the Dungeon.
             The game lasted 00:25:49 (2958 turns).

eimernase the Caller (Merfolk Summoner)             Turns: 2958, Time: 00:25:49

Health: -6/30      AC:  3    Str:  8    XL:     4   Next: 14%
Magic:  2/8        EV: 12    Int: 15    God:
Gold:   150        SH:  0    Dex: 14    Spells: 3 memorised, 2 levels left

rFire  . . .     SeeInvis .     n - +4 dagger
rCold  . . .     Clarity  .     j - +0 leather armour
rNeg   + . .     SustAb   .     (no shield)
rPois  .         Gourm    .     (no helmet)
rElec  .         Spirit   .     (no cloak)
rCorr  .         Warding  +     (no gloves)
rMut   .         Stasis   .     (no boots)
MR     .....                    p - amulet of warding
Stlth  ++........               (no ring)
                                (no ring)

@: not resistant to hostile enchantments, unstealthy
A: change form in water, swift swim
a: no special abilities


You were on level 3 of the Dungeon.
You were not hungry.

You visited 1 branch of the dungeon, and saw 3 of its levels.

You collected 150 gold pieces.

Inventory:

Hand weapons
 d - a +3 whip
 m - a +0 hunting sling
 n - a +4 dagger (weapon)
Missiles
 a - 2 needles of sleeping (quivered)
 f - 11 poisoned bolts
 g - 11 arrows
 q - 25 stones
Armour
 j - a +0 leather armour (worn)
 l - a +0 ring mail
Jewellery
 p - an amulet of warding (around neck)
Magical devices
 v - a wand of flame (26)
Scrolls
 h - a scroll of fear {unknown}
 i - 2 scrolls of remove curse
 r - a scroll of amnesia {unknown}
Potions
 e - a potion of might {unknown}
 o - a potion of heal wounds {unknown}
 s - a potion of cancellation {unknown}
 u - a potion of brilliance {unknown}
Books
 b - a book of Callings

   Spells                             Type                      Level
   a - Summon Small Mammal            Summoning                    1
   b - Call Imp                       Summoning                    2
   c - Call Canine Familiar           Summoning                    3
   d - Summon Guardian Golem          Hexes/Summoning              4
   e - Summon Lightning Spire         Summoning/Air                4
   f - Summon Ice Beast               Ice/Summoning                4
Comestibles
 c - a bread ration
 k - 2 meat rations
 t - 7 chunks of flesh


   Skills:
 + Level 0.2 Fighting
 + Level 0.2 Short Blades
 + Level 0.3 Armour
 + Level 3.1 Dodging
 + Level 2.4 Stealth
 + Level 2.6 Spellcasting
 + Level 4.7 Summonings


You had 2 spell levels left.
You knew the following spells:

 Your Spells              Type           Power        Failure   Level  Hunger
a - Summon Small Mammal   Summ           ###.         6%          1    #......
b - Call Imp              Summ           ###.....     10%         2    ###....
c - Call Canine Familiar  Summ           ###.....     14%         3    ###....


Dungeon Overview and Level Annotations

Branches:
Dungeon (3/15)

Altars:
Vehumet


Message History

Your hound bites the orc.
The orc dies!
Your crimson imp blinks!
What do you say? t - Shout!
Orders for allies: a - Attack new target. p - Attack previous target. r - Retreat! s - Stop attacking. w - Wait here. f - Follow me.
Anything else - Stay silent.
Gang up on whom?
Press: ? - help, Dir - move target cursor, f/p - orc wizard
Aim: an orc wizard, wielding a dagger and wearing a robe (severely wounded, fast) Attack!
The orc wizard barely misses you.
Your hound barely misses the orc wizard.
The orc wizard hits you with a dagger.
* * * LOW HITPOINT WARNING * * *
Your hound bites the orc wizard but does no damage.
The orc wizard points at you and mumbles some strange words.
The puff of frost hits you!
You die...

### ###.#########
..#....<.....
#.#.#########
#.#.#........
#######.#........#.
#........##.####...
#.@.....)##.#<.....
#...o....##.#..#..#
####h.......# #...
#).......####.).
.o...................
########.5......##..
#............
#............
#.+............


You could see an orc wizard, a friendly hound and a friendly crimson imp.

Vanquished Creatures
  An orc (D:3)
  A bat skeleton (D:3)
  3 goblins
  3 hobgoblins (D:2)
  3 jackals (D:2)
  3 kobolds (D:2)
  3 bats
  A quokka (D:2)
  2 rats
20 creatures vanquished.

Vanquished Creatures (collateral kills)
  An adder (D:2)
  A giant mite (D:1)
  2 worms (D:2)
  3 giant geckos
  3 orcs (D:3)
  A giant cockroach (D:1)
  6 goblins
  2 hobgoblins
  4 kobolds
  A ball python (D:3)
  A bat (D:1)
  3 giant newts
  5 jackals
  3 rats
36 creatures vanquished.

Vanquished Creatures (others)
  2 rats (D:1)
2 creatures vanquished.

Grand Total: 58 creatures vanquished

Notes
Turn   | Place    | Note
--------------------------------------------------------------
     0 | D:1      | eimernase, the Merfolk Summoner, began the quest for the Orb.
     0 | D:1      | Reached XP level 1. HP: 13/13 MP: 3/3
   241 | D:1      | Reached XP level 2. HP: 11/19 MP: 0/4
   249 | D:1      | Learned a level 2 spell: Call Imp
  1450 | D:2      | Reached XP level 3. HP: 24/24 MP: 4/6
  1458 | D:2      | Learned a level 3 spell: Call Canine Familiar
  2799 | D:3      | Reached XP level 4. HP: 28/30 MP: 8/8
  2812 | D:3      | Found a radiant altar of Vehumet.
  2958 | D:3      | Killed from afar by an orc wizard

Action                   |  1- 3 |  4- 6 || total
-------------------------+-------+-------++-------
Melee: Whip              |     1 |       ||     1
       Dagger            |    72 |     5 ||    77
 Cast: Summon Small Mamm |    18 |       ||    18
       Call Imp          |    19 |     3 ||    22
       Call Canine Famil |     7 |     5 ||    12
  Use: Scroll            |     3 |       ||     3
 Stab: Distracted        |     1 |       ||     1
       Sleeping          |     1 |       ||     1
  Eat: Chunk             |     3 |       ||     3
       Meat ration       |     2 |       ||     2
